 Dungeon Crawl Stone Soup version 0.29.1-1-gd02db6906a (webtiles) character file.

Game seed: 16238313842686858847

15676 Demigod47 the Bludgeoner (level 12, -22/105 HPs)
             Began as a Minotaur Fighter on Oct 9, 2022.
             Was the Champion of Okawaru.
             Annihilated by Sonja
             ... wielding a +2 short sword of distortion
              (23 damage)
             ... on level 13 of the Dungeon on Oct 10, 2022.
             The game lasted 00:35:53 (13786 turns).

Demigod47 the Bludgeoner (Minotaur Fighter)        Turns: 13786, Time: 00:35:53

Health: -22/105    AC: 28    Str: 29    XL:     12   Next: 3%
Magic:  11/11      EV:  9    Int:  5    God:    Okawaru [******]
Gold:   839        SH: 12    Dex: 17    Spells: 11/11 levels left

rFire   . . .      SeeInvis .   y - +1 morningstar
rCold   . . .      Faith    +   I - +0 kite shield
rNeg    . . .      Spirit   .   Q - +4 plate armour
rPois   .          Reflect  .   (helmet restricted)
rElec   .          Harm     .   L - +2 cloak
rCorr   .          Rampage  .   (no gloves)
Will    .....                   e - +0 pair of boots
Stlth   ..........              E - amulet of faith
HPRegen 0.27/turn               K - +6 ring of strength
MPRegen 0.12/turn               F - +6 ring of dexterity

@: slowed, very slow
A: horns 2, retaliatory headbutt, iridescent scales 2, shaggy fur 1, weak 1
a: Renounce Religion, Heroism, Finesse, Duel


You were on level 13 of the Dungeon.
You worshipped Okawaru.
Okawaru was exalted by your worship.
You visited 2 branches of the dungeon, and saw 14 of its levels.
You also visited: Ossuary.

You collected 839 gold pieces.

Inventory:

Hand Weapons
 y - a +1 morningstar (weapon)
Missiles
 f - 2 curare-tipped darts (quivered)
 k - 11 poisoned darts
 H - 9 atropa-tipped darts
Armour
 e - a +0 pair of boots (worn)
 x - +1 steam dragon scales
 I - a +0 kite shield (worn)
 L - a +2 cloak (worn)
 Q - a +4 plate armour (worn)
Jewellery
 a - a ring of poison resistance
 j - a ring of see invisible
 z - a ring of resist corrosion
 E - an amulet of faith (around neck)
 F - a +6 ring of dexterity (right hand)
 K - a +6 ring of strength (left hand)
 X - a ring of ice
Wands
 g - a wand of mindburst (6)
 O - a wand of roots (14)
 U - a wand of quicksilver (5)
 V - a wand of flame (5)
 Y - a wand of paralysis (6)
Scrolls
 c - a scroll of enchant weapon
 h - 4 scrolls of immolation
 i - a scroll of identify
 l - a scroll of summoning
 m - 4 scrolls of torment
 n - a scroll of noise
 o - 2 scrolls of acquirement
 s - a scroll of amnesia
 t - 3 scrolls of fear
 C - 3 scrolls of poison
 P - 2 scrolls of fog
 T - a scroll of silence
Potions
 d - 2 potions of might
 p - a potion of magic
 q - 2 potions of cancellation
 u - 10 potions of curing
 v - 5 potions of attraction
 w - 4 potions of haste
 A - 3 potions of brilliance
 G - a potion of flight
 M - 3 potions of invisibility
 R - 4 potions of degeneration
 S - a potion of mutation


   Skills:
 + Level 9.5 Fighting
 * Level 16.3 Maces & Flails
 + Level 9.5 Armour
 + Level 5.1 Dodging
 + Level 1.4 Stealth
 + Level 10.2 Shields
 + Level 0.9 Invocations


You had 11 spell levels left.
You didn't know any spells.
Your spell library contained the following spells:

 Spells                   Type           Power      Damage    Failure   Level
 Necrotise                Necr           0%         1d4       100%        1
 Static Discharge         Conj/Air       0%         3-3/arc   100%        2
 Confusing Touch          Hex            0%         N/A       100%        3
 Gell's Gravitas          Tloc           0%         N/A       100%        3
 Ignite Poison            Fire/Tmut/Pois 0%         N/A       100%        3
 Mephitic Cloud           Conj/Pois/Air  0%         N/A       100%        3
 Portal Projectile        Hex/Tloc       0%         N/A       100%        3
 Teleport Other           Tloc           0%         N/A       100%        3
 Vampiric Draining        Necr           0%         2d6       100%        3
 Leda's Liquefaction      Hex/Erth       0%         N/A       100%        4
 Agony                    Necr           0%         N/A       100%        5
 Freezing Cloud           Conj/Ice/Air   0%         6-21      100%        5
 Lightning Bolt           Conj/Air       0%         1d11      100%        5
 Yara's Violent Unravell  Hex/Tmut       0%         3d3       100%        5
 Dispersal                Tloc           0%         N/A       100%        6
 Enfeeble                 Hex            0%         N/A       100%        7
 Maxwell's Capacitive Co  Air            0%         ∞         100%        8
 Call Canine Familiar     Summ           Unusable   N/A       N/A         3

Dungeon Overview and Level Annotations

Branches:
Dungeon (13/15)            Temple (1/1) D:5            Lair (0/5) D:8
    Orc (0/2) D:11        Ossuary (visited)
 Vaults: D:13-14

Altars:
Ashenzari
Cheibriados
Elyvilon
Fedhas
Gozag
Hepliaklqana
Kikubaaqudgha
Nemelex Xobeh
Okawaru
Qazlal
Ru
Sif Muna
Trog
Uskayaw
Vehumet
Wu Jian
Xom
Yredelemnul
Zin
The Shining One

Annotations:
D:13 Sonja


Innate Abilities, Weirdness & Mutations

You have a pair of horns on your head.
You reflexively headbutt those who attack you in melee.
You are mostly covered in iridescent scales. (AC +4)
You are covered in fur. (AC +1)
You are weak. (Str -2)


Message History

You have difficulty breathing.
You feel as though you will be slow longer.
You feel very sick.
Sonja throws a curare-tipped dart.
You block the curare-tipped dart.
You feel sick.
Sonja says, "If only old Madame Brzewit could see me now!"
You feel sick.
Sonja throws a curare-tipped dart.
The curare-tipped dart hits you.
You are more poisoned.
You have difficulty breathing.
* * * LOW HITPOINT WARNING * * *
You feel as though you will be slow longer.
Sonja throws a curare-tipped dart.
You block the curare-tipped dart.
Okay, then.
Blink to where?
Press: ? - help, Dir - move target
As you read the scroll of blinking, it crumbles to dust.
* * * LOW HITPOINT WARNING * * *
You feel very sick.
You feel better.
Level annotation: Sonja Welcome back, Demigod47 the Minotaur Fighter.
Okawaru says: Bring me glory in combat!
Press ? for a list of commands and other information.
Okay, then.
Okay, then.
Sonja casts a spell.
Sonja blinks!
Sonja attacks as you move away! Sonja hits you but does no damage.
Space warps horribly around you!
* * * LOW HITPOINT WARNING * * *
You block Sonja's attack. x2; Sonja hits you but does no damage.
Space warps around you.
* * * LOW HITPOINT WARNING * * *
Sonja hits you with a +2 short sword of distortion.
* * * LOW HITPOINT WARNING * * *
Space warps around you.
* * * LOW HITPOINT WARNING * * *
Sonja hits you but does no damage. Space warps horribly around you!!
You die...

**,,* *,**,*,* **.,**
*,**,*,* **#?.**
*******,**,*,* # ###...**
*,,,,,,,**,*,* # #...***
*,********,*,*
###.#####****,* *,*,*
.........,,,,,* *,*,*
....##################.#,*
..>K.....§.....K@......#,*
.#######################,*
.# *,* .# ***********,* .#
*,,,,,,,,,,,* .#
*,*********** ,* *,* ,*
*,* ,* *,*


You could see Sonja.

Vanquished Creatures
  A boulder beetle (D:12)
  A centaur warrior (D:13)
  2 two-headed ogres
  A deep elf pyromancer (D:12)
  A cyclops (D:12)
  Joseph (D:7)
  A gargoyle (D:11)
  Maggie (D:6)
  An unseen horror (D:12)
  2 trolls
  Sigmund (D:2)
  A water elemental (D:11)
  A wyvern (D:9)
  A wraith (D:13)
  3 steam dragons
  19 yaks
  8 vampire mosquitoes
  2 acid dragons
  2 water moccasins
  8 orc warriors
  3 sky beasts
  4 black bears
  3 ice beasts
  11 centaurs
  A kobold brigand (D:8)
  8 bullfrogs
  3 necrophages
  A gnoll sergeant (D:7)
  4 scorpions
  3 water moccasin zombies (Ossuary)
  4 wights (D:7)
  15 killer bees (D:9)
  2 howler monkeys
  An electric eel (D:11)
  A crimson imp (D:7)
  3 jellies
  9 orc priests
  7 hounds
  2 iguanas
  13 orc wizards
  2 mummies (Ossuary)
  3 gnolls (D:7)
  8 adders
  3 white imps
  2 ufetubi
  3 adder zombies (Ossuary)
  A worm (D:2)
  5 dart slugs
  37 orcs
  5 endoplasms
  4 giant cockroaches
  4 gnoll zombies (Ossuary)
  6 goblins
  5 hobgoblins
  15 kobolds
  7 quokkas
  5 ball pythons
  9 bats
  A frilled lizard (D:1)
  2 hobgoblin zombies (Ossuary)
  4 kobold zombies (Ossuary)
  11 orc zombies (Ossuary)
  2 rats
300 creatures vanquished.

Vanquished Creatures (others)
  An orc wizard (D:9)
  A white imp (D:7)
  An ufetubus (D:6)
  21 fungi (D:8)
  20 plants (D:8)
44 creatures vanquished.

Grand Total: 344 creatures vanquished

Notes
Turn   | Place    | Note
-------+----------+-------------------------------------------
     0 | D:1      | Demigod47 the Minotaur Fighter began the quest for the Orb.
     0 | D:1      | Reached XP level 1. HP: 19/19 MP: 0/0
   471 | D:1      | Reached XP level 2. HP: 17/27 MP: 1/1
  1315 | D:2      | Reached XP level 3. HP: 30/33 MP: 2/2
  1359 | D:2      | Noticed Sigmund
  1369 | D:2      | Killed Sigmund
  1370 | D:2      | Reached skill level 4 in Maces & Flails
  1370 | D:2      | Reached skill level 1 in Dodging
  1370 | D:2      | Reached XP level 4. HP: 28/41 MP: 3/3
  1370 | D:2      | Reached XP level 5. HP: 33/47 MP: 4/4
  1898 | D:2      | Noticed a golden eye
  1901 | D:2      | Noticed a floating eye
  1903 | D:2      | Found a faded altar of an unknown god.
  1905 | D:2      | Noticed a great orb of eyes
  1906 | D:2      | Noticed a golden eye
  2256 | D:3      | Noticed a sky beast
  2267 | D:3      | Killed a sky beast
  2268 | D:3      | Reached skill level 5 in Maces & Flails
  2268 | D:3      | Reached XP level 6. HP: 49/55 MP: 5/5
  2494 | D:3      | Reached skill level 5 in Armour
  2979 | D:4      | Found a sand-covered staircase.
  2994 | Ossuary  | Entered an ossuary
  3002 | Ossuary  | Identified a scroll of acquirement
  3084 | Ossuary  | Reached skill level 6 in Maces & Flails
  3089 | Ossuary  | Reached skill level 5 in Fighting
  3110 | Ossuary  | Reached XP level 7. HP: 47/61 MP: 6/6
  3224 | D:4      | Found a broken altar of Ashenzari.
  3284 | D:4      | Reached skill level 7 in Maces & Flails
  3502 | D:4      | Reached skill level 5 in Shields
  3950 | D:5      | Entered Level 5 of the Dungeon
  3968 | D:5      | Reached skill level 8 in Maces & Flails
  4048 | D:5      | Found a staircase to the Ecumenical Temple.
  4059 | D:5      | Reached XP level 8. HP: 69/69 MP: 7/7
  4096 | Temple   | Entered the Ecumenical Temple
  4191 | Temple   | Became a worshipper of Warmaster Okawaru
  4365 | D:5      | Reached skill level 9 in Maces & Flails
  5218 | D:6      | Reached skill level 10 in Maces & Flails
  5481 | D:6      | Gained mutation: Your muscles are strong. (Str +4, Int/Dex
                  | -1) [potion of mutation]
  5481 | D:6      | Gained mutation: Your mind is acute. (Int +4, Str/Dex -1)
                  | [potion of mutation]
  5482 | D:6      | Lost mutation: Your muscles are strong. (Str +4, Int/Dex
                  | -1) [potion of mutation]
  5482 | D:6      | Lost mutation: Your mind is acute. (Int +4, Str/Dex -1)
                  | [potion of mutation]
  5482 | D:6      | Gained mutation: You expend magic power (3 MP) to
                  | strengthen your wands. [potion of mutation]
  5482 | D:6      | Gained mutation: You passively dampen the noise of your
                  | surroundings. [potion of mutation]
  5483 | D:6      | Lost mutation: You expend magic power (3 MP) to strengthen
                  | your wands. [potion of mutation]
  5483 | D:6      | Lost mutation: You passively dampen the noise of your
                  | surroundings. [potion of mutation]
  5483 | D:6      | Gained mutation: You are agile. (Dex +4, Str/Int -1)
                  | [potion of mutation]
  5483 | D:6      | Gained mutation: You are partially covered in iridescent
                  | scales. (AC +2) [potion of mutation]
  5483 | D:6      | Gained mutation: Your mind is acute. (Int +4, Str/Dex -1)
                  | [potion of mutation]
  5483 | D:6      | Gained mutation: Your system is resistant to poisons.
                  | (rPois) [potion of mutation]
  5484 | D:6      | Lost mutation: You are agile. (Dex +4, Str/Int -1) [potion
                  | of mutation]
  5484 | D:6      | Lost mutation: Your system is resistant to poisons. (rPois)
                  | [potion of mutation]
  5484 | D:6      | Lost mutation: Your mind is acute. (Int +4, Str/Dex -1)
                  | [potion of mutation]
  5484 | D:6      | Gained mutation: You are covered in fur. (AC +1) [potion of
                  | mutation]
  5484 | D:6      | Gained mutation: You are mostly covered in iridescent
                  | scales. (AC +4) [potion of mutation]
  5484 | D:6      | Gained mutation: You are weak. (Str -2) [potion of
                  | mutation]
  5504 | D:6      | Reached * piety under Okawaru
  5515 | D:6      | Noticed a two-headed ogre
  5527 | D:6      | HP: 3/70 [two-headed ogre/+0 giant club (5)]
  5535 | D:6      | Killed a two-headed ogre
  5536 | D:6      | Reached skill level 11 in Maces & Flails
  5536 | D:6      | Reached XP level 9. HP: 44/75 MP: 8/8
  5541 | D:6      | Reached ** piety under Okawaru
  5864 | D:6      | Noticed Maggie
  5887 | D:6      | Killed Maggie
  6280 | D:7      | Reached *** piety under Okawaru
  6698 | D:7      | Found an ornate altar of the Wu Jian Council.
  6706 | D:7      | Reached skill level 12 in Maces & Flails
  6781 | D:7      | Noticed Joseph
  6808 | D:7      | Paralysed by Joseph for 5 turns
  6813 | D:7      | Killed Joseph
  6814 | D:7      | Reached XP level 10. HP: 51/86 MP: 9/9
  7494 | D:8      | Reached skill level 1 in Stealth
  7514 | D:8      | Reached **** piety under Okawaru
  7559 | D:8      | Reached skill level 13 in Maces & Flails
  7581 | D:8      | Reached ***** piety under Okawaru
  7983 | D:8      | Found a staircase to the Lair.
  8112 | D:9      | Reached skill level 14 in Maces & Flails
  8113 | D:9      | Received a gift from Okawaru
  8135 | D:9      | Reached skill level 5 in Dodging
  8633 | D:9      | Reached XP level 11. HP: 52/94 MP: 4/10
  9216 | D:9      | Found a blossoming altar of Fedhas.
  9660 | D:10     | Entered Level 10 of the Dungeon
  9665 | D:10     | Found a sparkling altar of Nemelex Xobeh.
 10597 | D:11     | You fall into a shaft and drop 2 floors!
 10638 | D:13     | Noticed a centaur warrior
 10651 | D:13     | Killed a centaur warrior
 10652 | D:13     | Reached skill level 15 in Maces & Flails
 10739 | D:13     | Noticed a centaur warrior
 10749 | D:13     | Noticed a centaur warrior
 10756 | D:12     | Noticed a boulder beetle
 10803 | D:12     | Killed a boulder beetle
 11662 | D:12     | Noticed a deep elf pyromancer
 11692 | D:12     | Killed a deep elf pyromancer
 11697 | D:12     | Reached skill level 10 in Shields
 12095 | D:11     | Noticed a two-headed ogre
 12097 | D:11     | Reached ****** piety under Okawaru
 12105 | D:11     | Reached skill level 16 in Maces & Flails
 12111 | D:11     | Killed a two-headed ogre
 12111 | D:11     | Identified the +14 chain mail of the Bulwark {rPois}
                  | (Okawaru gifted it to you on level 11 of the Dungeon)
 12111 | D:11     | Received a gift from Okawaru
 12333 | D:11     | Found a staircase to the Orcish Mines.
 13727 | D:13     | Reached XP level 12. HP: 105/105 MP: 11/11
 13759 | D:13     | Noticed Sonja
 13776 | D:13     | HP: 1/105 [Sonja/+2 short sword of distortion (16)]
 13786 | D:13     | HP: 1/105 [Sonja/+2 short sword of distortion (5)]
 13786 | D:13     | Annihilated by Sonja

Illustrated notes

Levels and vault maps discovered:
D:1:      sevenhm_arrival_forest_fort_large_2, layout_basic
D:2:      layout_loops_ring, hellmonk_ecumenical_altar_watching_god,
          uniq_sigmund, uniq_crazy_yiuf_cottage
D:3:      minmay_general_purpose_star, layout_basic
D:4:      layout_rooms, ashenzari_altar_1, lightli_ossuary_entry_decrepit_ruins,
          hangedman_minor_gate_pass
D:5:      layout_basic, minmay_temple_entry_waves, kennysheep_small_circle
D:6:      layout_basic, corexii_shack, uniq_maggie
D:7:      layout_rooms, lemuel_round_altar, minmay_fire_ice_demons, uniq_joseph
D:8:      layout_loops_ring, grunt_lair_entry_orc_guard_hut
D:9:      layout_small_grid, fedhas_altar_4, library_closet,
          minmay_stone_trees_large, chequers_garden
D:10:     layout_basic, mainiacjoe_overflow_cross_hatched
D:11:     layout_layer_cave, erik_orc_2
D:12:     layout_basic
D:13:     layout_basic, uniq_sonja
Temple:   regret_index_temple_mists

Skill      XL: |  1  2  3  4  5  6  7  8  9 10 11 |
---------------+----------------------------------+-----
Fighting       | 4 5 6 7 8 9 |  9.5
Armour         | 4 5 7 8 9 |  9.5
Shields        | 4 5 7 8 10 | 10.2
Maces & Flails | 4 5 6 8 11 12 14 16 | 16.3
Dodging        | 1 2 3 4 5 |  5.1
Stealth        | 1 |  1.4
Invocations    | |  0.9

Action                   |  1- 3 |  4- 6 |  7- 9 | 10-12 || total
-------------------------+-------+-------+-------+-------++-------
Melee: Flail             |    40 |   106 |    66 |       ||   212
       Headbutt          |     8 |    12 |    53 |   109 ||   182
       Morningstar       |       |       |   203 |   497 ||   700
Throw: Dart              |       |       |     1 |       ||     1
Invok: Heroism           |       |       |       |     4 ||     4
       Finesse           |       |       |       |     2 ||     2
  Use: Scroll            |       |     6 |     4 |    15 ||    25
       Potion            |       |       |    17 |    11 ||    28
 Stab: Sleeping          |       |       |       |     1 ||     1
Armor: Scale mail        |    40 |    60 |   146 |       ||   246
       Steam dragon scal |       |       |    37 |    44 ||    81
       Plate armour      |       |       |       |   336 ||   336
Dodge: Dodged            |    33 |    48 |   188 |   231 ||   500
Block: Buckler           |    17 |    18 |    43 |       ||    78
       Kite shield       |       |       |   122 |   381 ||   503
